 Dungeon Crawl Stone Soup version 0.30.1-11-g7821555f0a (webtiles) character file.

Game seed: 16387447468516010289

4047 jfcaron the Cleaver (level 10, 0/82 HPs)
             Began as a Gnoll Berserker on Nov 11, 2023.
             Was an Elder of Trog.
             Succumbed to a water moccasin's poison
             ... on level 8 of the Dungeon.
             The game lasted 00:19:07 (9268 turns).

jfcaron the Cleaver (Gnoll Berserker)               Turns: 9268, Time: 00:19:08

Health: 0/82       AC:  8    Str: 21    XL:     10   Next: 24%
Magic:  17/17      EV: 13    Int: 12    God:    Trog [****..]
Gold:   378        SH:  0    Dex: 12    Spells: 19/19 levels left

rFire   . . .        w - +1 whip (freeze)
rCold   . . .        (no shield)
rNeg    . . .        h - +1 ring mail
rPois   .            k - +0 helmet
rElec   .            o - +0 cloak
rCorr   .            (no gloves)
SInv    .            J - +1 pair of boots
Will    .....        (no amulet)
Stlth   ++           g - +6 ring of intelligence
HPRegen 0.33/turn    (no ring)
MPRegen 0.15/turn

%: no passive effects
@: lethally poisoned (0 -> -17), corroded, on berserk cooldown, slowed, very
slow
A: fangs 1, strong nose, distributed training
a: Renounce Religion, Berserk, Trog's Hand, Brothers in Arms


You were on level 8 of the Dungeon.
You worshipped Trog.
Trog was greatly pleased with you.
You visited 1 branch of the dungeon, and saw 8 of its levels.
You also visited: Sewer.

You collected 378 gold pieces.

Inventory:

Hand Weapons
 a - a +2 dagger of venom
   (You took it off a kobold on level 1 of the Dungeon)
 b - a +0 falchion of holy wrath
   (You found it on level 4 of the Dungeon)
 e - a +0 hand axe
 w - a +1 whip of freezing (weapon)
   (You took it off Pikel on level 5 of the Dungeon)
Missiles
 i - 18 poisoned darts (quivered)
 p - 4 throwing nets {!f}
 y - 27 stones
 G - 3 javelins
 H - 10 boomerangs
 K - a curare-tipped dart {!f}
Armour
 h - a +1 ring mail (worn)
 k - a +0 helmet (worn)
 o - a +0 cloak (worn)
 t - the +0 leather armour of the Forsaken Hosts {rC++ rN+ Dex+3 SInv}
   (You found it on level 6 of the Dungeon)

   Dex:       It affects your dexterity (+3).
   rC:        It greatly protects you from cold.
   rN:        It protects you from negative energy.
   SInv:      It lets you see invisible.
 F - a +0 chain mail
 J - a +1 pair of boots (worn)
Jewellery
 g - a +6 ring of intelligence (left hand)
   (You found it on level 2 of the Dungeon)
Wands
 A - a wand of flame (16)
 M - a wand of paralysis (15)
   (You found it on level 8 of the Dungeon)
Scrolls
 c - 6 scrolls of fog
 m - a scroll of enchant weapon
 s - 2 scrolls of immolation
 x - a scroll of teleportation
 z - 4 scrolls of fear
 C - a scroll of butterflies
 L - 2 scrolls of enchant armour
 N - a scroll of vulnerability {unknown}
Potions
 d - a potion of ambrosia {unknown}
 f - 8 potions of curing
 j - 2 potions of brilliance
 l - 2 potions of heal wounds
 n - 4 potions of magic
 q - 2 potions of invisibility
 r - 2 potions of haste
 u - 2 potions of might {unknown}
 v - 2 potions of lignification
 B - a potion of attraction {unknown}
 D - a potion of mutation {unknown}
 E - a potion of berserk rage {unknown}
 I - a potion of flight {unknown}


   Skills:
 + Level 8.5 Fighting
 + Level 5.3 Short Blades
 + Level 5.3 Long Blades
 + Level 8.5 Axes
 + Level 5.3 Maces & Flails
 + Level 5.3 Polearms
 + Level 5.3 Staves
 + Level 5.3 Ranged Weapons
 + Level 5.3 Throwing
 + Level 7.1 Armour
 + Level 7.1 Dodging
 + Level 5.3 Stealth
 + Level 5.3 Shields
 + Level 5.3 Unarmed Combat
 + Level 5.3 Spellcasting
 + Level 4.3 Conjurations
 + Level 4.3 Hexes
 + Level 4.3 Summonings
 + Level 4.3 Necromancy
 + Level 4.3 Translocations
 + Level 4.3 Transmutations
 + Level 4.3 Fire Magic
 + Level 4.3 Ice Magic
 + Level 4.3 Air Magic
 + Level 4.3 Earth Magic
 + Level 4.3 Poison Magic
 + Level 5.8 Invocations
 + Level 5.3 Evocations


You had 19 spell levels left.
You didn't know any spells.
Your spell library contained the following spells:

 Spells                   Type           Power      Damage    Failure   Level
 Apportation              Tloc           26%        N/A       4%          1
 Necrotise                Necr           52%        1d6       4%          1
 Summon Small Mammal      Summ           52%        N/A       4%          1
 Call Canine Familiar     Summ           13%        N/A       14%         3
 Frozen Ramparts          Ice            26%        1d4       14%         3
 Gell's Gravitas          Tloc           13%        N/A       14%         3
 Hailstorm                Conj/Ice       13%        3d5       14%         3
 Ozocubu's Armour         Ice            13%        N/A       14%         3
 Summon Guardian Golem    Hex/Summ       13%        N/A       14%         3
 Teleport Other           Tloc           13%        N/A       14%         3
 Vhi's Electric Charge    Tloc/Air       26%        N/A       14%         3
 Animate Armour           Summ/Erth      26%        N/A       43%         4
 Ice Form                 Ice/Tmut       13%        N/A       43%         4
 Summon Ice Beast         Ice/Summ       13%        N/A       43%         4
 Arcjolt                  Conj/Air       6%         1d16      80%         5
 Blade Hands              Tmut           6%         N/A       80%         5
 Metabolic Englaciation   Hex/Ice        6%         N/A       80%         5
 Dispersal                Tloc           6%         N/A       100%        6
 Iron Shot                Conj/Erth      6%         9d2       100%        6
 Simulacrum               Ice/Necr       6%         N/A       100%        6
 Maxwell's Capacitive Co  Air            6%         ∞         100%        8


Dungeon Overview and Level Annotations

Branches:
Dungeon (8/15)             Temple (0/1) D:5           Sewer (visited)
   Lair: D:8-11

Altars:
Makhleb
Ru
Trog
Wu Jian

Annotations:
D:4 2 transporters, rundlesten's ghost, novice OpHW
D:8 Maggie


Innate Abilities, Weirdness & Mutations

You have very sharp teeth.
Your uncanny sense of smell can sniff out nearby items.
Your experience applies equally to all skills.


Message History

Maggie points at you and mumbles some strange words.
The bolt of fire hits you!!!
You barely miss Maggie.
Maggie is heavily wounded.
You feel very sick.
The hornet stings you but does no damage.
You whack Maggie! You freeze Maggie.
Maggie is almost dead.
You feel sick.
You kill the hornet!
Trog accepts your kill.
Maggie hits you with a +0 scimitar of flaming!
Maggie burns you.
* * * LOW HITPOINT WARNING * * *
The water moccasin bites you but does no damage.
You hit Maggie but do no damage. Your bite misses Maggie.
Maggie is almost dead.
You feel sick.
Maggie says, "Leave now, and tell all of Margery's mercy!"
Maggie zaps a wand.
The bolt of acid hits you!
* * * LOW HITPOINT WARNING * * *
The acid corrodes you! The water moccasin bites you.
* * * LOW HITPOINT WARNING * * *
You are lethally poisoned!
The water moccasin poisons you!
You barely miss Maggie.
Maggie is almost dead.
* * * LOW HITPOINT WARNING * * *
You feel very sick.
The water moccasin bites you but does no damage.
Maggie zaps a wand.
The bolt of acid misses you. Maggie attacks as you move away!
Maggie hits you with a +0 scimitar of flaming.
* * * LOW HITPOINT WARNING * * *
Maggie burns you.
* * * LOW HITPOINT WARNING * * *
You are no longer berserk.
You are exhausted.
You feel as though you will be slow longer.
You die...

..# # #.# #### #. #.#
..>.. #.#..##.# .....
#.##.##.#......
#......{#......
#.....@S#...... #...
#........
#..####@..##.#.
#..##..........
#######....)......##.
#........##.......#
#.#####..####...#....
####.#####..####........
#.......##........##....
: #.##.....#.########
#.## # #.##.#...#.# .. #
#


You could see Maggie (very poisoned) and a water moccasin.

Vanquished Creatures
  Pikel (D:5)
  A cyclops (D:8)
  Grinder (Sewer)
  A hornet (D:8)
  A shadow (D:8)
  Eustachio (D:4)
  Menkaure (D:4)
  Duvessa (D:5)
  A water moccasin (D:6)
  A black bear (D:8)
  A sky beast (D:6)
  An ogre (D:5)
  4 phantoms
  2 kobold brigands
  4 bullfrogs
  3 scorpions
  2 wights (Sewer)
  Dowan (D:5)
  A howler monkey (D:6)
  2 hounds
  Crazy Yiuf (D:2)
  2 jellies (D:6)
  An orc priest (D:6)
  A gnoll bouda (D:3)
  3 sleepcaps
  Ijyb (D:5)
  3 iguanas
  An orc wizard (D:6)
  Robin (D:2)
  8 gnolls
  15 adders
  3 shadow imps
  2 white imps (D:6)
  10 ufetubi
  9 worms
  11 orcs
  12 ball pythons
  7 endoplasms
  2 giant cockroaches
  12 goblins
  10 hobgoblins
  7 jackals
  31 kobolds
  2 quokkas
  7 bats
  5 frilled lizards
  2 kobold zombies (Sewer)
  11 rats
211 creatures vanquished.

Notes
Turn   | Place    | Note
-------+----------+-------------------------------------------
     0 | D:1      | jfcaron the Gnoll Berserker began the quest for the Orb.
     0 | D:1      | Reached XP level 1. HP: 23/23 MP: 1/1
    34 | D:1      | Found a faded altar of an unknown god.
    41 | D:1      | Reached XP level 2. HP: 26/29 MP: 2/2
   324 | D:1      | Reached XP level 3. HP: 29/35 MP: 3/3
   672 | D:2      | Reached skill level 1 in Invocations
   862 | D:2      | Noticed Robin
   869 | D:2      | Killed Robin
   870 | D:2      | Reached skill level 1 in Short Blades
   870 | D:2      | Reached skill level 1 in Long Blades
   870 | D:2      | Reached skill level 1 in Maces & Flails
   870 | D:2      | Reached skill level 1 in Polearms
   870 | D:2      | Reached skill level 1 in Staves
   870 | D:2      | Reached skill level 1 in Ranged Weapons
   870 | D:2      | Reached skill level 1 in Throwing
   870 | D:2      | Reached skill level 1 in Stealth
   870 | D:2      | Reached skill level 1 in Shields
   870 | D:2      | Reached skill level 1 in Unarmed Combat
   870 | D:2      | Reached skill level 1 in Spellcasting
   870 | D:2      | Reached skill level 1 in Evocations
   880 | D:2      | Reached ** piety under Trog
   881 | D:2      | Reached XP level 4. HP: 37/41 MP: 5/5
  1198 | D:2      | Found a runed translucent door.
  1199 | D:2      | Noticed Crazy Yiuf
  1341 | D:2      | Reached skill level 1 in Conjurations
  1341 | D:2      | Reached skill level 1 in Hexes
  1341 | D:2      | Reached skill level 1 in Summonings
  1341 | D:2      | Reached skill level 1 in Necromancy
  1341 | D:2      | Reached skill level 1 in Translocations
  1341 | D:2      | Reached skill level 1 in Transmutations
  1341 | D:2      | Reached skill level 1 in Fire Magic
  1341 | D:2      | Reached skill level 1 in Ice Magic
  1341 | D:2      | Reached skill level 1 in Air Magic
  1341 | D:2      | Reached skill level 1 in Earth Magic
  1341 | D:2      | Reached skill level 1 in Poison Magic
  1699 | D:2      | Killed Crazy Yiuf
  1700 | D:2      | Reached XP level 5. HP: 47/47 MP: 5/7
  1880 | D:3      | Reached XP level 6. HP: 44/53 MP: 8/8
  1935 | D:3      | Reached skill level 5 in Armour
  1935 | D:3      | Reached skill level 5 in Dodging
  1968 | D:3      | Found a glowing drain.
  1983 | Sewer    | Entered a sewer
  2053 | Sewer    | Reached *** piety under Trog
  2151 | Sewer    | Found an ancient bone altar of Kikubaaqudgha.
  2151 | Sewer    | Noticed Grinder
  2187 | Sewer    | Killed Grinder
  2188 | Sewer    | Reached XP level 7. HP: 60/60 MP: 10/10
  2660 | D:3      | You fall into a shaft and drop 3 floors!
  2742 | D:6      | Reached XP level 8. HP: 65/67 MP: 12/12
  2854 | D:6      | Identified the +0 leather armour of the Forsaken Hosts
                  | {rC++ rN+ Dex+3 SInv}
  3113 | D:5      | Entered Level 5 of the Dungeon
  3113 | D:5      | Noticed Duvessa
  3113 | D:5      | Noticed Dowan
  3123 | D:5      | Killed Dowan
  3126 | D:5      | Killed Duvessa
  3894 | D:4      | Reached **** piety under Trog
  4084 | D:4      | Found a transporter.
  4134 | D:4      | Noticed rundlesten's ghost (novice OpHW)
  4222 | D:4      | Found a transporter.
  4295 | D:4      | Noticed Menkaure
  4301 | D:4      | Killed Menkaure
  4561 | D:4      | Noticed Eustachio
  4581 | D:4      | Killed Eustachio
  4582 | D:4      | Reached XP level 9. HP: 67/73 MP: 13/15
  4685 | D:4      | Found a sacrificial altar of Ru.
  4685 | D:4      | Found an ornate altar of the Wu Jian Council.
  5148 | D:5      | Noticed Ijyb
  5156 | D:5      | Killed Ijyb
  5161 | D:5      | Found a staircase to the Ecumenical Temple.
  5228 | D:5      | Found a bloodstained altar of Trog.
  6050 | D:5      | Noticed Pikel
  6062 | D:5      | Killed Pikel
  6063 | D:5      | Reached skill level 5 in Invocations
  6870 | D:6      | Found a burning altar of Makhleb.
  8879 | D:8      | Reached skill level 5 in Short Blades
  8879 | D:8      | Reached skill level 5 in Long Blades
  8879 | D:8      | Reached skill level 5 in Maces & Flails
  8879 | D:8      | Reached skill level 5 in Polearms
  8879 | D:8      | Reached skill level 5 in Staves
  8879 | D:8      | Reached skill level 5 in Ranged Weapons
  8879 | D:8      | Reached skill level 5 in Throwing
  8879 | D:8      | Reached skill level 5 in Stealth
  8879 | D:8      | Reached skill level 5 in Shields
  8879 | D:8      | Reached skill level 5 in Unarmed Combat
  8879 | D:8      | Reached skill level 5 in Spellcasting
  8879 | D:8      | Reached skill level 5 in Evocations
  8879 | D:8      | Reached XP level 10. HP: 54/81 MP: 17/17
  9028 | D:8      | Noticed a cyclops
  9037 | D:8      | Killed a cyclops
  9251 | D:8      | Noticed Maggie
  9266 | D:8      | HP: 17/123 [Maggie/bolt of acid (16)]
  9268 | D:8      | HP: 8/123 [Maggie/+0 scimitar of flaming (4)]
  9268 | D:8      | Succumbed to a water moccasin's poison

Illustrated notes

Levels and vault maps discovered:
D:1:      mushboom_english_gardens, layout_rooms,
          ebering_ecumenical_altar_petrified
D:2:      kennysheep_six_static_rooms, layout_basic, uniq_robin,
          uniq_crazy_yiuf_cottage
D:3:      layout_basic, lightli_sewer_entry_pipes, grunt_ministairs_13,
          nicolae_grassy_gnolls
D:4:      layout_cave_pods, gammafunk_temple_overflow_elements,
          gammafunk_ghost_arena, grunt_ministairs_4, roderic_lattice_a,
          uniq_menkaure, uniq_grinder, uniq_eustachio
D:5:      layout_basic, lemuel_round_altar, minmay_temple_entry_antechambers,
          serial_rivers, chequers_serial_rivers_large_a,
          chequers_serial_rivers_micro_a, chequers_serial_rivers_marsh,
          chequers_serial_rivers_small_b, chequers_serial_rivers_small_b,
          uniq_pikel, uniq_ijyb, uniq_duvessa
D:6:      layout_basic, marbit_many_paths, lexackson_kobold_supper
D:7:      layout_basic, minmay_holes, chequers_serial_rivers_small_a,
          chequers_arboretum
D:8:      layout_loops_cross, grunt_lair_entry_orc_guard_hut,
          kennysheep_generic_room_10, uniq_maggie

Skill      XL: |  1  2  3  4  5  6  7  8  9 10 |
---------------+-------------------------------+-----
Invocations    | 1 2 3 4 5 |  5.8
Short Blades   | 1 2 3 4 5 |  5.3
Long Blades    | 1 2 3 4 5 |  5.3
Maces & Flails | 1 2 3 4 5 |  5.3
Polearms       | 1 2 3 4 5 |  5.3
Staves         | 1 2 3 4 5 |  5.3
Ranged Weapons | 1 2 3 4 5 |  5.3
Throwing       | 1 2 3 4 5 |  5.3
Stealth        | 1 2 3 4 5 |  5.3
Shields        | 1 2 3 4 5 |  5.3
Unarmed Combat | 1 2 3 4 5 |  5.3
Spellcasting   | 1 2 3 4 5 |  5.3
Evocations     | 1 2 3 4 5 |  5.3
Conjurations   | 1 2 3 4 |  4.3
Hexes          | 1 2 3 4 |  4.3
Summonings     | 1 2 3 4 |  4.3
Necromancy     | 1 2 3 4 |  4.3
Translocations | 1 2 3 4 |  4.3
Transmutations | 1 2 3 4 |  4.3
Fire Magic     | 1 2 3 4 |  4.3
Ice Magic      | 1 2 3 4 |  4.3
Air Magic      | 1 2 3 4 |  4.3
Earth Magic    | 1 2 3 4 |  4.3
Poison Magic   | 1 2 3 4 |  4.3
Armour         | 5 6 7 |  7.1
Dodging        | 5 6 7 |  7.1
Fighting       | 7 8 |  8.5
Axes           | 7 8 |  8.5

Action                     |  1- 3 |  4- 6 |  7- 9 | 10-12 || total
---------------------------+-------+-------+-------+-------++-------
  Melee: Hand axe          |    52 |       |       |       ||    52
         Bite              |     8 |    28 |    82 |     5 ||   123
         Dagger            |    25 |   231 |   562 |    30 ||   848
         Punch             |     1 |     2 |    22 |     2 ||    27
         Falchion          |       |       |    29 |       ||    29
         Whip              |       |       |       |     4 ||     4
  Throw: Stone             |    11 |    13 |    58 |       ||    82
         Dart              |     5 |    38 |   142 |     4 ||   189
         Javelin           |       |       |     6 |       ||     6
 Invoke: Berserk           |     1 |     4 |     4 |     1 ||    10
         Trog's Hand       |       |     2 |       |       ||     2
         Brothers in Arms  |       |       |     2 |       ||     2
    Use: Scroll            |     5 |     3 |    12 |       ||    20
         Potion            |       |     1 |       |       ||     1
   Stab: Sleeping          |       |       |       |     1 ||     1
 Armour: Ring mail         |    17 |   108 |   152 |    12 ||   289
         Animal skin       |     1 |       |       |       ||     1
  Dodge: Dodged            |    43 |   222 |   228 |    20 ||   513

Table legend: (Time is in decaauts)
 A = Elapsed time spent in this place.
 B = Non-inter-level travel time spent in this place.
 C = Inter-level travel time spent in this place.
 D = Time resting spent in this place.
 E = Time spent auto-exploring this place.
 F = Levels seen in this place.
 G = Mean time per level.
                   A        B        C        D        E       F      G
               +--------+--------+--------+--------+--------+-----+--------+
         Total |   9230 |   8580 |    650 |    449 |   6194 |   9 | 1025.6 |
       Dungeon |   8648 |   7998 |    650 |    336 |   5973 |   8 | 1081.0 |
         Sewer |    582 |    582 |      0 |    113 |    220 |   1 |  582.0 |
               +--------+--------+--------+--------+--------+-----+--------+

Top non-repeatable levels by time:
     D:6: 1588 daAuts
     D:4: 1310 daAuts
     D:7: 1285 daAuts
     D:5: 1222 daAuts
     D:2: 1188 daAuts
     D:3: 922 daAuts
     D:1: 663 daAuts
   Sewer: 582 daAuts
     D:8: 467 daAuts

Table legend:
 A = Kills in this place as a percentage of kills in the entire game.
 B = Kills by you in this place as a percentage of kills by you in the entire game.
 C = Kills by friends in this place as a percentage of kills by friends in the entire game.
 D = Other kills in this place as a percentage of other kills in the entire game.
 E = Experience gained in this place as a percentage of experience gained in the entire game.
 F = Experience gained in this place divided by the number of levels of this place that you have seen.
                   A       B       C       D       E      F
               +-------+-------+-------+-------+-------+----------------------
         Total | 100.0 | 100.0 | 100.0 |   N/A | 100.0 | 642.4
       Dungeon |  85.3 |  85.0 | 100.0 |   N/A |  89.2 | 644.9
         Sewer |  14.7 |  15.0 |   0.0 |   N/A |  10.8 | 623.0
               +-------+-------+-------+-------+-------+----------------------

Levels and vault maps discovered:
D:1:      mushboom_english_gardens, layout_rooms,
          ebering_ecumenical_altar_petrified
D:2:      kennysheep_six_static_rooms, layout_basic, uniq_robin,
          uniq_crazy_yiuf_cottage
D:3:      layout_basic, lightli_sewer_entry_pipes, grunt_ministairs_13,
          nicolae_grassy_gnolls
D:4:      layout_cave_pods, gammafunk_temple_overflow_elements,
          gammafunk_ghost_arena, grunt_ministairs_4, roderic_lattice_a,
          uniq_menkaure, uniq_grinder, uniq_eustachio
D:5:      layout_basic, lemuel_round_altar, minmay_temple_entry_antechambers,
          serial_rivers, chequers_serial_rivers_large_a,
          chequers_serial_rivers_micro_a, chequers_serial_rivers_marsh,
          chequers_serial_rivers_small_b, chequers_serial_rivers_small_b,
          uniq_pikel, uniq_ijyb, uniq_duvessa
D:6:      layout_basic, marbit_many_paths, lexackson_kobold_supper
D:7:      layout_basic, minmay_holes, chequers_serial_rivers_small_a,
          chequers_arboretum
D:8:      layout_loops_cross, grunt_lair_entry_orc_guard_hut,
          kennysheep_generic_room_10, uniq_maggie
